Map: Whirlwind LE (Void)

Players

Alluton - Winner!

  • Race: Protoss Protoss
  • League: Master
  • Spawn Location: 11:00

control

  • Race: Terran Terran
  • League: Master
  • Spawn Location: 5:00

VOD

Have the link to the VOD?

Description

Time

  • Played on: Nov. 29, 2016, 1:20 p.m.
  • Length: 12:57
Show
View Real Time Build Order
Export as new Build Order

Alluton Protoss - Winner!

Build Orders: 1 Gate Expand, Oracle Opening, Phoenix Opening 

Get SALT Encoding   

  12  0:01  Probe (Chrono Boost)  
  13  0:12  Probe (Chrono Boost)  
  14  0:18  Pylon  
  14  0:23  Probe (Chrono Boost)  
  15  0:36  Probe (Chrono Boost), Gateway  
  15  0:41  Assimilator  
  16  0:47  Probe (Chrono Boost)  
  17  0:57  Probe (Chrono Boost)  
  18  1:08  Probe (Chrono Boost)  
  19  1:18  Nexus  
  19  1:22  Probe (Chrono Boost)  
  20  1:33  Cybernetics Core  
  20  1:34  Probe (Chrono Boost)  
  21  1:40  Assimilator  
  21  1:45  Probe (Chrono Boost)  
  22  1:51  Pylon  
  22  1:55  Probe (Chrono Boost)  
  22  2:06  Probe (Chrono Boost)  
  23  2:18  Probe (Chrono Boost), Stargate  
  24  2:27  Adept  
  24  2:29  Probe (Chrono Boost)  
  27  2:34  Warp Gate  
  27  2:36  Probe (Chrono Boost)  
  28  2:39  Probe (Chrono Boost)  
  29  2:46  Probe (Chrono Boost)  
  29  2:50  Probe (Chrono Boost)  
  31  2:56  Adept  
  31  2:57  Probe (Chrono Boost)  
  31  2:58  Oracle, Pylon  
  32  3:04  Probe (Chrono Boost)  
  38  3:10  Probe (Chrono Boost)  
  39  3:16  Probe (Chrono Boost)  
  39  3:17  Pylon  
  40  3:22  Probe (Chrono Boost)  
  35  3:35  Probe (Chrono Boost)  
  35  3:36  Probe (Chrono Boost)  
  36  3:45  Adept  
  36  3:46  Probe (Chrono Boost)  
  38  3:48  Probe (Chrono Boost)  
  38  3:51  Phoenix  
  42  4:00  Mothership Core (Chrono Boost), Probe (Chrono Boost)  
  45  4:12  Probe (Chrono Boost)  
  46  4:18  Probe (Chrono Boost)  
  48  4:24  Probe (Chrono Boost)  
  48  4:29  Probe (Chrono Boost)  
  51  4:35  Oracle  
  51  4:37  Probe (Chrono Boost)  
  52  4:41  Probe (Chrono Boost)  
  54  4:49  Probe (Chrono Boost)  
  52  4:53  Probe (Chrono Boost)  
  52  4:55  Stalker  
  52  5:01  Probe (Chrono Boost)  
  52  5:05  Probe (Chrono Boost)  
  49  5:17  Probe (Chrono Boost)  
  49  5:18  Phoenix  
  50  5:29  Probe x2 (Chrono Boost)  
  50  5:40  Adept  
  50  5:41  Probe x2 (Chrono Boost)  
  54  5:53  Probe (Chrono Boost)  
  54  5:54  Probe (Chrono Boost), Phoenix  
  60  6:04  Probe x2 (Chrono Boost)  
  60  6:15  Probe x2 (Chrono Boost)  
  60  6:17  Gateway  
  60  6:18  Gateway  
  62  6:21  Phoenix  
  62  6:28  Probe (Chrono Boost)  
  62  6:51  Pylon  
  62  6:52  Nexus  
  62  6:55  Pylon  
  62  7:02  Pylon  
  62  7:09  Phoenix  
  62  7:10  Probe x2 (Chrono Boost), Robotics Facility  
  66  7:20  Probe x2 (Chrono Boost)  
  68  7:26  Adept  
  68  7:29  Assimilator  
  70  7:31  Probe x2 (Chrono Boost)  
  70  7:33  Assimilator  
  70  7:34  Phoenix  
  70  7:36  Twilight Council  
  74  7:41  Probe x2 (Chrono Boost)  
  76  7:48  Adept x2  
  76  7:49  Sentry  
  82  7:52  Probe x2 (Chrono Boost)  
  82  7:55  Pylon  
  82  7:58  Observer  
  85  8:02  Probe (Chrono Boost)  
  85  8:04  Probe (Chrono Boost), Phoenix  
  89  8:09  Forge  
  89  8:11  Pylon  
  89  8:13  Probe (Chrono Boost)  
  89  8:14  Probe (Chrono Boost)  
  89  8:15  Probe (Chrono Boost), Pylon  
  89  8:18  Adept x2  
  96  8:23  Probe (Chrono Boost)  
  96  8:24  Resonating Glaives  
  97  8:32  Immortal  
  97  8:33  Probe (Chrono Boost)  
  103  8:34  Probe (Chrono Boost)  
  103  8:36  Probe (Chrono Boost)  
  103  8:39  Phoenix  
  106  8:45  Probe x2 (Chrono Boost)  
  106  8:46  Probe (Chrono Boost)  
  109  8:55  Probe (Chrono Boost)  
  110  8:58  Adept x3  
  110  9:01  Probe x2 (Chrono Boost), Assimilator  
  118  9:05  Assimilator  
  118  9:08  Robotics Bay  
  118  9:14  Immortal  
  122  9:19  Protoss Ground Weapons Level 1  
  122  9:25  Pylon  
  122  9:29  Pylon  
  122  9:33  Nexus  
  122  9:37  Adept  
  124  9:41  Pylon  
  124  9:45  Gateway  
  124  9:47  Gateway  
  124  9:49  Gateway  
  124  9:54  Gateway x2  
  124  9:58  Colossus  
  130  10:05  Phoenix  
  130  10:06  Protoss Air Weapons Level 1  
  132  10:08  Sentry  
  132  10:09  Sentry  
  132  10:11  Adept  
  138  10:21  Extended Thermal Lance  
  137  10:31  Adept x2  
  137  10:32  Adept  
  131  10:44  Probe x3 (Chrono Boost)  
  132  10:52  Colossus  
  132  10:54  Adept  
  132  10:55  Adept x7  
  152  11:05  Assimilator  
  152  11:09  Assimilator  
  152  11:12  Pylon  
  152  11:18  Dark Shrine  
  152  11:22  Photon Cannon  
  152  11:45  Colossus  
  158  11:47  Adept  
  158  11:48  Adept x6  
  158  11:51  Pylon  
  172  11:54  Pylon x2  
  172  12:08  Forge  
  172  12:27  Adept x4  
  172  12:28  Adept x4  
  176  12:49  Adept  
  176  12:50  Adept x7  
Show
View Real Time Build Order
Export as new Build Order

control Terran 

Build Orders: 1/1/1, MMM Bio, Banshee Rush 

Get SALT Encoding   

  12  0:00  SCV  
  13  0:13  SCV  
  14  0:17  Supply Depot  
  14  0:28  SCV  
  15  0:40  SCV, Barracks  
  16  0:43  Refinery  
  16  0:52  SCV  
  16  0:53  Refinery  
  17  1:04  SCV  
  18  1:16  SCV  
  19  1:28  Marine  
  19  1:29  Orbital Command  
  20  1:35  Factory  
  20  1:46  Barracks Reactor  
  20  1:48  Supply Depot  
  20  1:55  SCV  
  21  2:07  SCV  
  22  2:19  SCV  
  23  2:26  Hellion x2  
  23  2:28  Starport  
  27  2:31  SCV  
  27  2:33  Supply Depot  
  28  2:41  Barracks Tech Lab  
  28  2:43  SCV  
  29  2:46  Widow Mine  
  31  2:54  Widow Mine, Supply Depot  
  31  2:55  SCV  
  34  3:08  SCV  
  34  3:12  Banshee, Cloaking Field  
  36  3:35  Widow Mine x2  
  36  3:36  SCV  
  39  3:48  SCV  
  40  3:52  Marine  
  40  3:55  Banshee  
  41  3:57  Supply Depot  
  41  4:00  SCV  
  43  4:11  Marine  
  41  4:22  SCV  
  28  4:39  Engineering Bay  
  28  4:42  Command Center  
  28  4:45  SCV  
  29  5:16  SCV  
  29  5:19  Engineering Bay  
  27  5:26  Barracks  
  27  5:28  SCV, Marine  
  27  5:29  Stimpack  
  29  5:36  Widow Mine  
  29  5:40  SCV  
  30  5:52  SCV  
  30  5:53  Marine  
  30  5:56  Orbital Command  
  32  5:59  Command Center, Terran Infantry Weapons Level 1  
  32  6:05  SCV  
  33  6:12  Marine  
  33  6:15  Terran Infantry Armor Level 1  
  33  6:17  SCV  
  35  6:19  Orbital Command  
  35  6:20  Marine x2  
  37  6:29  Marine  
  35  6:35  SCV  
  35  6:37  Missile Turret  
  36  6:48  SCV, Bunker  
  36  6:49  Missile Turret, Marine x3  
  36  6:51  Medivac  
  42  6:59  Missile Turret  
  42  7:01  SCV x2  
  44  7:11  Orbital Command  
  44  7:15  SCV x2  
  46  7:20  Armory  
  46  7:30  Marauder, Marine x2  
  46  7:31  Starport Reactor  
  46  7:36  Supply Depot  
  50  7:38  Combat Shields  
  50  7:42  SCV x2  
  52  7:45  Refinery  
  52  7:48  Refinery  
  52  7:53  Marine  
  52  7:54  Marauder  
  52  7:55  Marine  
  56  8:00  SCV x2  
  58  8:06  Factory Tech Lab  
  58  8:09  SCV  
  59  8:19  Terran Infantry Weapons Level 2  
  59  8:24  Terran Infantry Armor Level 2  
  59  8:26  SCV x3  
  62  8:28  Marine x3  
  62  8:33  Supply Depot  
  65  8:37  Siege Tank  
  65  8:39  SCV x3  
  71  8:46  Supply Depot  
  71  8:51  SCV x3, Liberator x2  
  74  9:04  Marauder, Marine x2  
  84  9:11  SCV x3  
  87  9:18  Supply Depot x2  
  87  9:21  Supply Depot  
  87  9:22  Supply Depot  
  87  9:23  SCV x3  
  90  9:28  Marauder, Marine x2  
  90  9:30  Concussive Shells, Siege Tank  
  97  9:36  Orbital Command  
  97  9:38  Liberator x2  
  97  9:46  Marine x2  
  97  9:48  Missile Turret  
  97  9:50  Marauder  
  107  10:02  SCV x3  
  110  10:12  Marauder, Marine x2  
  114  10:18  Barracks  
  114  10:19  Barracks  
  114  10:28  Siege Tank  
  117  10:29  Marine x2  
  117  10:31  SCV x3  
  117  10:33  Marauder  
  101  10:47  Marine x2  
  101  10:48  Medivac  
  101  10:49  Medivac  
  98  10:55  Marauder  
  83  10:58  SCV x3  
  83  11:01  Refinery x2  
  86  11:10  SCV  
  87  11:11  Barracks Reactor  
  87  11:12  Barracks Tech Lab  
  87  11:15  Missile Turret  
  87  11:19  Supply Depot  
  87  11:21  SCV x2, Supply Depot  
  76  11:32  Marine  
  76  11:33  Marauder, Marine  
  76  11:34  Marauder  
  76  11:36  Medivac x2  
  86  11:47  Marine x2  
  86  11:50  Marine x2  
  90  11:54  Marauder  
  90  11:55  Marauder  
  94  12:05  Marine x2  
  94  12:08  Marine x2  
  97  12:16  Marauder  
  97  12:17  Marauder  
Tags
 
Add a new tag
Caveats
  • Supply blocks, unpowered buildings, or Contaminate may cause inaccurate times.
  • Supply counts are checked every 10 seconds.